 Dungeon Crawl Stone Soup version 0.28.0-53-g5a82cb258f (webtiles) character file.

Game seed: 3356352651990663125

10178 Sin92 the Cleaver (level 11, -17/130 HPs)
             Began as a Demonspawn Fighter on July 28, 2022.
             Was a High Priest of Okawaru.
             Demolished by a skeletal warrior
             ... wielding a +0 dire flail
              (23 damage)
             ... on level 11 of the Dungeon.
             The game lasted 00:16:32 (12521 turns).

Sin92 the Cleaver (Demonspawn Fighter)             Turns: 12521, Time: 00:16:32

Health: -17/130    AC: 25    Str: 24    XL:     11   Next: 32%
Magic:  10/11      EV:  3    Int:  9    God:    Okawaru [*****.]
Gold:   455        SH: 11    Dex: 15    Spells: 10/10 levels left

rFire   + . .      SeeInvis .   l - +3 war axe of Conscience {freeze, rF- rN+ Str+3}
rCold   . . .      Faith    +   s - +0 kite shield
rNeg    + . .      Spirit   .   e - +1 crystal plate armour of Dice, Bag, and Bottle {rF+ Str+2}
rPois   .          Reflect  .   (no helmet)
rElec   .          Harm     .   y - +0 cloak
rCorr   +          Rampage  +   (gloves unavailable)
Will    .....                   z - +2 pair of boots {rampage}
Stlth   ..........              g - amulet of faith
HPRegen 0.31/turn               f - ring of protection from fire
MPRegen 0.12/turn               w - ring of resist corrosion

@: mighty, berserking (expiring), very quick
A: claws 3, spiny 1, sharp scales 1
a: Renounce Religion, Heroism, Finesse, Duel


You were on level 11 of the Dungeon.
You worshipped Okawaru.
Okawaru was extremely pleased with you.
You visited 1 branch of the dungeon, and saw 11 of its levels.

You collected 455 gold pieces.

Inventory:

Hand Weapons
 l - the +3 war axe of Conscience (weapon) {freeze, rF- rN+ Str+3}
   (You found it on level 3 of the Dungeon)

   It freezes those it strikes, dealing additional cold damage.
   It can also slow down cold-blooded creatures.
   Str:       It affects your strength (+3).
   rF:        It makes you vulnerable to fire.
   rN:        It protects you from negative energy.
Missiles
 b - 4 throwing nets (quivered)
Armour
 e - the +1 crystal plate armour of Dice, Bag, and Bottle (worn) {rF+ Str+2}
   (You acquired it on level 4 of the Dungeon)

   Str:       It affects your strength (+2).
   rF:        It protects you from fire.
 s - a +0 kite shield (worn)
 y - a +0 cloak (worn)
 z - a +2 pair of boots of rampaging (worn)
 A - a +0 pair of gloves
Jewellery
 f - a ring of protection from fire (left claw)
 g - an amulet of faith (around neck)
 w - a ring of resist corrosion (right claw)
Wands
 c - a wand of digging (5)
 h - a wand of flame (32)
 v - a wand of iceblast (9)
Scrolls
 a - 2 scrolls of magic mapping
 j - 3 scrolls of teleportation
 n - 5 scrolls of fear
 p - a scroll of enchant weapon
 t - 4 scrolls of identify
 D - 3 scrolls of fog
Potions
 k - a potion of degeneration {unknown}
 m - a potion of lignification {unknown}
 o - 2 potions of resistance
 r - 2 potions of flight
 u - 2 potions of haste
 x - a potion of invisibility {unknown}
 B - a potion of brilliance {unknown}
 C - a potion of curing {unknown}


   Skills:
 + Level 8.7 Fighting
 - Level 2.6 Long Blades
 * Level 10.1 Axes
 + Level 8.0 Armour
 + Level 7.9 Shields


You had 10 spell levels left.
You didn't know any spells.
Your spell library contained the following spells:

 Spells                   Type           Power      Damage    Failure   Level
 Shock                    Conj/Air       0%         1d3       100%        1
 Conjure Flame            Conj/Fire      0%         6-21      100%        3
 Gell's Gravitas          Tloc           0%         N/A       100%        3
 Ignite Poison            Fire/Tmut/Pois 0%         N/A       100%        3
 Lesser Beckoning         Tloc           0%         N/A       100%        3
 Stone Arrow              Conj/Erth      0%         3d7       100%        3
 Swiftness                Air            0%         N/A       100%        3
 Teleport Other           Tloc           0%         N/A       100%        3
 Airstrike                Air            0%         N/A       100%        4
 Sticky Flame             Conj/Fire      0%         2d3       100%        4
 Alistair's Intoxication  Tmut/Pois      0%         N/A       100%        5
 Yara's Violent Unravell  Hex/Tmut       0%         3d3       100%        5
 Storm Form               Tmut/Air       0%         N/A       100%        7


Dungeon Overview and Level Annotations

Branches:
Dungeon (11/15)            Temple (0/1) D:7             Orc (0/2) D:9
   Lair: D:8-11

Altars:
Elyvilon
Nemelex Xobeh
Okawaru
Qazlal
Ru
Sif Muna
Vehumet
Xom
The Shining One

Shops:
D:5 [

Annotations:
D:5 2 transporters, Sin92's ghost, novice DsFi


Innate Abilities, Weirdness & Mutations

You have claws for hands.
You are partially covered in sharp spines.
You are partially covered in razor-sharp scales. (AC +1, Slay +1)


Message History

The death knight's dark mirror aura disappears.
The death knight hits you but does no damage.
You slash the death knight! You freeze the death knight.
The death knight is almost dead.
The death knight mumbles some strange prayers to Yredelemnul against you.
Your body is wracked with pain!
* * * LOW HITPOINT WARNING * * *
Unknown command.
You barely miss the death knight.
The death knight is almost dead.
Unknown command.
You closely miss the death knight.
The death knight is almost dead.
You block the death knight's attack.
Unknown command.
You slice the death knight!! You freeze the death knight.
You kill the death knight!
Okawaru accepts your kill.
Your base Axes skill increases to level 10!
Unknown command.
You slash the freezing wraith!
The freezing wraith is moderately damaged.
You feel like a meek peon again.
The freezing wraith hits you but does no damage.
You block the freezing wraith's attack.
Unknown command.
You slash the freezing wraith!
The freezing wraith is heavily damaged.
Unknown command.
You closely miss the freezing wraith.
The freezing wraith is heavily damaged.
The freezing wraith barely misses you. You block the freezing wraith's attack.
Unknown command.
You slice the freezing wraith!!
You destroy the freezing wraith!
Okawaru accepts your kill.
Your Armour skill increases to level 8!
Unknown command.
The skeletal warrior hits you with a +0 dire flail!!
You die...

#.......#
#.......#......
#.......#.....[
#..###..#......
##..######......
#....#..........
#....#..........
##..##......#
###@....#
#...z..........#
#...####..####.#
+... ...... ##..
####..# #.. #.#
#.. ... ##. ..


You could see a skeletal warrior.

Vanquished Creatures
  Harold (D:9)
  A death knight (D:11)
  A flayed ghost (D:10)
  Pikel (D:7)
  The ghost of turdburglar the Cutter, a novice DsFi (D:4)
  A gargoyle (D:10)
  A komodo dragon (D:10)
  A freezing wraith (D:11)
  4 wraiths
  14 yaks
  2 wyverns
  A steam dragon (D:4)
  An acid dragon (D:9)
  6 water moccasins
  3 orc warriors
  An ice beast (D:5)
  2 centaurs
  2 ogres
  4 bullfrogs
  2 gnoll sergeants (D:5)
  2 scorpions
  3 killer bees (D:9)
  A water moccasin skeleton (D:4)
  6 wights
  3 centaur zombies
  2 hounds (D:5)
  A gnoll shaman (D:9)
  6 orc priests
  Crazy Yiuf (D:7)
  12 orc wizards
  3 killer bee zombies
  A hound skeleton (D:4)
  3 howler monkey zombies
  14 gnolls
  4 adders
  2 white imps (D:8)
  A worm (D:3)
  3 dart slugs
  56 orcs
  9 endoplasms
  2 giant cockroaches
  17 goblins
  7 hobgoblins
  6 jackals
  2 quokkas
  8 ball pythons
  5 bats
  4 frilled lizards
  5 kobolds
  7 rats
246 creatures vanquished.

Vanquished Creatures (others)
  A bullfrog (D:8)
  A gnoll sergeant (D:8)
  An orc (D:8)
  A plant (D:1)
4 creatures vanquished.

Grand Total: 250 creatures vanquished

Notes
Turn   | Place    | Note
-------+----------+-------------------------------------------
     0 | D:1      | Sin92 the Demonspawn Fighter began the quest for the Orb.
     0 | D:1      | Reached XP level 1. HP: 18/18 MP: 1/1
    55 | D:1      | Found a faded altar of an unknown god.
   324 | D:1      | Gained mutation: You have sharp fingernails. [demonic
                  | ancestry]
   324 | D:1      | Reached XP level 2. HP: 24/24 MP: 2/2
   783 | D:1      | Gained mutation: You are partially covered in sharp spines.
                  | [demonic ancestry]
   783 | D:1      | Reached XP level 3. HP: 18/29 MP: 3/3
  2040 | D:3      | Gained mutation: You have very sharp fingernails. [demonic
                  | ancestry]
  2040 | D:3      | Reached XP level 4. HP: 28/35 MP: 4/4
  2474 | D:3      | Identified the +3 war axe of Conscience {freeze, rF- rN+
                  | Str+3}
  3182 | D:4      | Found a runed translucent gate.
  3184 | D:4      | Found a runed translucent gate.
  3186 | D:4      | Found a runed translucent gate.
  3188 | D:4      | Noticed turdburglar's ghost (novice DsFi)
  3266 | D:4      | Found an iron altar of Okawaru.
  3331 | D:4      | Became a worshipper of Warmaster Okawaru
  3440 | D:4      | Reached XP level 5. HP: 38/42 MP: 5/5
  3527 | D:4      | Reached skill level 1 in Axes
  3530 | D:4      | Noticed a water moccasin
  3537 | D:4      | Killed a water moccasin
  3538 | D:4      | Reached skill level 2 in Axes
  3538 | D:4      | Gained mutation: You are partially covered in razor-sharp
                  | scales. (AC +1, Slay +1) [demonic ancestry]
  3538 | D:4      | Reached XP level 6. HP: 44/48 MP: 6/6
  3573 | D:4      | Reached * piety under Okawaru
  3737 | D:4      | Noticed a steam dragon
  3744 | D:4      | Killed a steam dragon
  3745 | D:4      | Reached skill level 3 in Axes
  4320 | D:4      | Gained mutation: You have claws for hands. [demonic
                  | ancestry]
  4320 | D:4      | Reached XP level 7. HP: 50/55 MP: 7/7
  4424 | D:4      | Identified 2 scrolls of acquirement
  4424 | D:4      | Acquired an amulet of faith
  4426 | D:4      | Acquired the +1 crystal plate armour of Dice, Bag, and
                  | Bottle {rF+ Str+2}
  4469 | D:4      | Killed turdburglar's ghost
  4469 | D:4      | Reached ** piety under Okawaru
  4470 | D:4      | Reached skill level 5 in Fighting
  4470 | D:4      | Reached skill level 4 in Axes
  4770 | D:5      | Entered Level 5 of the Dungeon
  4839 | D:5      | Found a transporter.
  4863 | D:5      | Found a transporter.
  4980 | D:5      | Reached XP level 8. HP: 57/62 MP: 8/8
  4985 | D:5      | Reached *** piety under Okawaru
  5146 | D:5      | Found Yahweh's Dragon-Slaying Spoils.
  5416 | D:5      | Got the Papyrus of the Shifting Mountains
  5437 | D:5      | Noticed Sin92's ghost (novice DsFi)
  5476 | D:5      | Reached skill level 5 in Armour
  5476 | D:5      | Reached skill level 5 in Shields
  5487 | D:5      | Reached skill level 5 in Axes
  6268 | D:6      | Found a sparkling altar of Nemelex Xobeh.
  6471 | D:7      | Reached **** piety under Okawaru
  6552 | D:7      | Noticed Pikel
  6554 | D:7      | Reached skill level 6 in Axes
  6560 | D:7      | Killed Pikel
  6561 | D:7      | Reached XP level 9. HP: 58/69 MP: 9/9
  6635 | D:7      | Found a staircase to the Ecumenical Temple.
  7073 | D:7      | Reached skill level 7 in Axes
  7189 | D:7      | Reached ***** piety under Okawaru
  7619 | D:7      | Found a runed translucent door.
  7620 | D:7      | Noticed Crazy Yiuf
  7679 | D:7      | Killed Crazy Yiuf
  7791 | D:8      | Found a shimmering altar of Xom.
  8146 | D:8      | Found a radiant altar of Vehumet.
  8245 | D:8      | Reached XP level 10. HP: 60/79 MP: 10/10
  8253 | D:8      | Reached skill level 8 in Axes
  8547 | D:8      | Found a sacrificial altar of Ru.
  9151 | D:9      | Received a gift from Okawaru
  9832 | D:9      | Found a staircase to the Orcish Mines.
  9925 | D:9      | Noticed Harold
  9935 | D:9      | Killed Harold
  9936 | D:9      | Reached skill level 9 in Axes
 10601 | D:10     | Entered Level 10 of the Dungeon
 10734 | D:10     | Found a shimmering blue altar of Sif Muna.
 11240 | D:10     | Noticed a gargoyle
 11252 | D:10     | Killed a gargoyle
 11253 | D:10     | Reached XP level 11. HP: 52/86 MP: 8/11
 11631 | D:10     | Noticed a flayed ghost
 11639 | D:10     | Killed a flayed ghost
 11755 | D:10     | Found a stormy altar of Qazlal.
 12486 | D:11     | Noticed a death knight
 12503 | D:11     | Noticed a skeletal warrior
 12511 | D:11     | HP: 4/87 [death knight/+2 vampiric battleaxe (6)]
 12516 | D:11     | Killed a death knight
 12517 | D:11     | Reached skill level 10 in Axes
 12521 | D:11     | Demolished by a skeletal warrior

Illustrated notes

Levels and vault maps discovered:
D:1:      shiori_arrival_maze, layout_rooms,
          shapermc_ecumenical_altar_mp_ritualfount, hangedman_decor_growths,
          chequers_mini_garden, serial_bayou_lagoon_b
D:2:      layout_basic
D:3:      layout_basic, chequers_arboretum, roderic_lattice_a
D:4:      layout_gridville, old_standard_altar, gammafunk_ghost_split
D:5:      layout_basic, gammafunk_ghost_stat_death, serial_curves,
          eino_curves_01, eino_curves_02, eino_curves_04,
          nicolae_shop_dragon_depot, minivault_24
D:6:      layout_basic, mainiacjoe_overflow_swirl
D:7:      layout_basic, minmay_temple_entry_statues_fountains, enter_bailey_5,
          st_stairs_2, chequers_jeans, uniq_pikel, uniq_crazy_yiuf_cottage
D:8:      layout_rooms, nicolae_ru_sacrificial_ziggurat,
          nicolae_vehumet_radiance, xom_confusion_cloud
D:9:      layout_irregular_city, hiddenorc2_lemuel, minivault_27, uniq_harold
D:10:     layout_stronghold, mainiacjoe_overflow_small_starburst,
          mainiacjoe_overflow_big_doors, kennysheep_just_a_vault
D:11:     cheibrodos_tormentor_scu, layout_gridville, erik_lair_orcish_takeover,
          enter_trove_1, minivault_20, uniq_erolcha

Skill      XL: |  1  2  3  4  5  6  7  8  9 10 11 |
---------------+----------------------------------+-----
Long Blades    | 2 |  2.6
Shields        | 3 4 5 6 7 |  7.9
Armour         | 3 4 5 6 7 8 |  8.0
Axes           | 2 3 4 6 7 9 10 | 10.1
Fighting       | 4 5 6 7 8 |  8.7

Action                   |  1- 3 |  4- 6 |  7- 9 | 10-12 || total
-------------------------+-------+-------+-------+-------++-------
Melee: Long sword        |   112 |    24 |       |       ||   136
       War axe           |       |    42 |   210 |   211 ||   463
Invok: Heroism           |       |       |       |     2 ||     2
  Use: Scroll            |       |       |    11 |     2 ||    13
       Potion            |       |       |     6 |     2 ||     8
 Stab: Sleeping          |       |     1 |       |       ||     1
Armor: Scale mail        |    51 |    14 |       |       ||    65
       Steam dragon scal |       |     2 |     2 |       ||     4
       Crystal plate arm |       |       |   158 |   112 ||   270
Dodge: Dodged            |    61 |    25 |    18 |    23 ||   127
Block: Buckler           |    28 |    18 |     9 |       ||    55
       Kite shield       |       |       |    98 |    93 ||   191
